 Dungeon Crawl Stone Soup version 0.29.0-4-gdea44cf6ec (webtiles) character file.

Game seed: 8135490343554573389

91 qw the Chopper (level 4, -4/35 HPs)
             Began as a Formicid Cinder Acolyte on Sept 3, 2022.
             Was a High Priest of Ignis.
             Killed from afar by Ijyb (22 damage)
             ... with a bolt of acid
             ... on level 3 of the Dungeon.
             The game lasted 00:01:30 (3011 turns).

qw the Chopper (Formicid Cinder Acolyte)            Turns: 3011, Time: 00:01:30

Health: -4/35      AC:  6    Str: 20    XL:     4   Next: 88%
Magic:  5/5        EV:  4    Int: 14    God:    Ignis [*****.]
Gold:   134        SH: 10    Dex:  9    Spells: 5/5 levels left

rFire   + . .      SeeInvis +   Y - -1 hand axe (flame)
rCold   . . .      Faith    .   l - +0 tower shield
rNeg    . . .      Spirit   .   i - +0 chain mail
rPois   .          Reflect  .   (helmet unavailable)
rElec   .          Harm     .   (no cloak)
rCorr   .          Rampage  .   m - +0 pair of gloves
Will    .....                   c - +0 pair of boots
Stlth   ..........              k - amulet of the acrobat
HPRegen 0.11/turn               (no ring)
MPRegen 0.09/turn               (no ring)

@: corroded
A: permanent stasis, dig shafts and tunnels, antennae 3, four strong arms
a: Dig, Shaft Self, Renounce Religion, Fiery Armour, Foxfire Swarm, Rising Flame


You were on level 3 of the Dungeon.
You worshipped Ignis.
Ignis was extremely pleased with you.
You visited 1 branch of the dungeon, and saw 3 of its levels.

You collected 134 gold pieces.


Innate Abilities, Weirdness & Mutations

You cannot be hasted, slowed, berserked, paralysed or teleported.
You can dig through walls and to a lower floor.
You have a pair of large antennae on your head. (SInv)
Your four strong arms can wield two-handed weapons with a shield.


   Skills:
 - Level 3.2 Fighting
 - Level 4.9 Axes
 - Level 1.0 Dodging
 + Level 1.1 Shields
 - Level 1.1 Spellcasting
 - Level 3.0 Fire Magic


You had 5 spell levels left.
You didn't know any spells.
Your spell library contained the following spells:

 Spells                   Type           Power      Damage    Failure   Level
 Scorch                   Fire           18%        2d6       100%        2

Inventory:

Hand Weapons
 Y - a -1 hand axe of flaming (weapon)
Armour
 c - a +0 pair of boots (worn)
 i - a +0 chain mail (worn)
 l - a +0 tower shield (worn)
 m - a +0 pair of gloves (worn)
Jewellery
 k - an amulet of the acrobat (around neck)
Scrolls
 a - 3 scrolls of identify
 d - a scroll of teleportation
Potions
 e - a potion of might
 j - a potion of resistance

Dungeon Overview and Level Annotations

Branches:
Dungeon (3/15)

Altars:
Gozag

Annotations:
D:3 Ijyb


Message History

Your Shields skill increases to level 1!
You start waiting.
Done waiting.
Ijyb the Twisted Goblin comes into view.
She is wielding a +0 dagger, wearing a +1 ring mail of positive energy and carrying a wand of acid (5).
Ijyb moves out of view.
You see here a staff of cold.
Ijyb zaps a wand.
The bolt of acid misses you.
2999 ||| Stepping ~*~*~tactically~*~*~ (hiding).
3000 ||| Stepping ~*~*~tactically~*~*~ (hiding).
You start waiting.
Ijyb is nearby!
Ijyb zaps a wand.
The bolt of acid misses you. Ijyb hits you but does no damage.
You hit Ijyb. You burn Ijyb.
Ijyb is lightly wounded.
Ijyb hits you but does no damage.
You barely miss Ijyb.
Ijyb is lightly wounded.
Ijyb zaps a wand.
The bolt of acid hits you. You block Ijyb's attack.
You hit Ijyb but do no damage.
Ijyb is lightly wounded.
Ijyb hits you with a +0 dagger.
You hit Ijyb. You burn Ijyb.
Ijyb is moderately wounded.
Ijyb hits you but does no damage.
Ijyb zaps a wand.
The bolt of acid hits you! The acid corrodes you!
You closely miss Ijyb.
Ijyb is lightly wounded.
You block Ijyb's attack.
You hit Ijyb but do no damage.
Ijyb is lightly wounded.
You block Ijyb's attack.
You hit Ijyb but do no damage.
Ijyb is lightly wounded.
Ijyb hits you with a +0 dagger. Ijyb hits you but does no damage.
You barely miss Ijyb.
Ijyb is lightly wounded.
Ijyb zaps a wand.
The bolt of acid hits you!!
Ouch! That really hurt!
You die...

#. ### #.. #.# ....
#.# #.# ... #.# #.#
...#.#.#.# #.#
#.#.#.#.####### ...
.....#...g...###
#.#####.###..@.......
#.#...[....|.####.###
#.#.###.###..#
####.#.#.....#..#.
..................
.......#.#.#.#.....
####...#.#.#.#....#..
####.#.#.#.#.###### .
.....#[.......


You could see Ijyb.

Vanquished Creatures
  2 adders (D:2)
  A worm (D:2)
  2 dart slugs
  7 endoplasms
  3 giant cockroaches (D:2)
  4 goblins
  6 hobgoblins
  7 jackals
  5 quokkas
  8 ball pythons
  2 bats
  3 frilled lizards (D:1)
  3 kobolds
  6 rats
59 creatures vanquished.

Notes
Turn   | Place    | Note
-------+----------+-------------------------------------------
     0 | D:1      | qw the Formicid Cinder Acolyte began the quest for the Orb.
     0 | D:1      | Reached XP level 1. HP: 18/18 MP: 2/2
     0 | D:1      | 0 ||| qw: Version: 0.1-a-102-g441f92d
     0 | D:1      | 0 ||| qw: Game counter: 5243
     0 | D:1      | 0 ||| qw: Always use a shield: true
     0 | D:1      | 0 ||| qw: God list: Okawaru
     0 | D:1      | 0 ||| qw: Allow faded altars: false
     0 | D:1      | 0 ||| qw: Do Orc after D:15 true
     0 | D:1      | 0 ||| qw: Do second Lair branch before Depths: true
     0 | D:1      | 0 ||| qw: Lair rune preference: random
     0 | D:1      | 0 ||| qw: Plans: Normal
     0 | D:1      | 0 ||| PLANNING D:1-11
    79 | D:1      | 79 ||| Stepping ~*~*~tactically~*~*~ (stealth).
    90 | D:1      | Reached XP level 2. HP: 16/24 MP: 3/3
   184 | D:1      | Found a faded altar of an unknown god.
   426 | D:1      | Reached skill level 4 in Axes
   426 | D:1      | Reached XP level 3. HP: 29/29 MP: 4/4
  1047 | D:1      | Reached skill level 1 in Dodging
  1117 | D:1      | 1117 ||| READING 2 scrolls labelled TOGIQU GAFAU.
  1118 | D:1      | 1118 ||| READING 2 scrolls labelled BAOFATI MUICU.
  1119 | D:1      | 1119 ||| READING scroll labelled MOYDY IRCHO.
  1120 | D:1      | 1120 ||| READING scroll labelled NENOSHIMUH.
  1121 | D:1      | 1121 ||| READING scroll labelled HYSHOA OJUCK.
  1148 | D:2      | 1148 ||| STAIRDANCE
  1245 | D:2      | 1245 ||| FLEEEEING.
  1246 | D:2      | 1246 ||| FLEEEEING.
  1247 | D:2      | 1247 ||| FLEEEEING.
  1248 | D:2      | 1248 ||| STAIRDANCE
  1312 | D:1      | 1312 ||| UPGRADING to +0 pair of boots.
  1535 | D:2      | Reached XP level 4. HP: 18/35 MP: 5/5
  1536 | D:2      | 1536 ||| INVOKING Fiery Armour.
  2446 | D:2      | 2446 ||| UPGRADING to +0 ring mail.
  2456 | D:2      | 2456 ||| DROPPING +0 robe.
  2457 | D:2      | 2457 ||| UPGRADING to +0 scale mail.
  2467 | D:2      | 2467 ||| DROPPING +0 ring mail.
  2468 | D:2      | 2468 ||| UPGRADING to +0 chain mail.
  2478 | D:2      | 2478 ||| DROPPING +0 scale mail.
  2479 | D:2      | 2479 ||| UPGRADING to +0 tower shield.
  2484 | D:2      | 2484 ||| UPGRADING to +0 pair of gloves.
  2489 | D:2      | 2489 ||| UPGRADING to amulet of the acrobat.
  2494 | D:2      | 2494 ||| READING scroll labelled KEAWNIOBUCH.
  2635 | D:2      | 2635 ||| READING 5 scrolls of identify.
  2635 | D:2      | 2635 ||| IDENTIFYING murky green potion
  2636 | D:2      | 2636 ||| READING 4 scrolls of identify.
  2636 | D:2      | 2636 ||| IDENTIFYING fizzy dark potion
  2848 | D:3      | Found an opulent altar of Gozag.
  2892 | D:3      | 2892 ||| Stepping ~*~*~tactically~*~*~ (hiding).
  2897 | D:3      | Reached skill level 1 in Shields
  2997 | D:3      | Noticed Ijyb
  2999 | D:3      | 2999 ||| Stepping ~*~*~tactically~*~*~ (hiding).
  3000 | D:3      | 3000 ||| Stepping ~*~*~tactically~*~*~ (hiding).
  3011 | D:3      | Killed from afar by Ijyb

Levels and vault maps discovered:
D:1:      minmay_arrival_five_plusses, layout_basic,
          hellmonk_ecumenical_altar_dog_temple
D:2:      layout_basic
D:3:      layout_basic, nicolae_gozag_seed_capital,
          nicolae_qazlal_eye_of_the_storm, uniq_ijyb

Skill      XL: |  1  2  3  4 |
---------------+-------------+-----
Axes           | 4 |  4.9
Dodging        | 1 |  1.0
Shields        | 1 |  1.1
Fighting       | |  3.2
Spellcasting   | |  1.1
Fire Magic     | |  3.0

Action                   |  1- 3 |  4- 6 || total
-------------------------+-------+-------++-------
Melee: Hand axe          |   101 |    72 ||   173
Invok: Fiery Armour      |       |     1 ||     1
  Use: Scroll            |     5 |     3 ||     8
Armor: Robe              |    12 |     7 ||    19
       Chain mail        |       |    12 ||    12
Dodge: Dodged            |    48 |    23 ||    71
Block: Tower shield      |       |    15 ||    15

Table legend:
 A = Non-vault XP
 B = Vault XP
 C = Vault XP percentage of total XP
 D = Non-vault monster count
 E = Vault monster count
 F = Vault count percentage of total count
                 A         B        C        D         E       F
            +---------+---------+-------+---------+---------+-------
      Total |     125 |       6 |   4.6 |      56 |       3 |   5.1
            +---------+---------+-------+---------+---------+-------
        D:1 |      37 |       6 |  14.0 |      23 |       3 |  11.5
        D:2 |      73 |       0 |   0.0 |      26 |       0 |   0.0
        D:3 |      15 |       0 |   0.0 |       7 |       0 |   0.0
            +---------+---------+-------+---------+---------+-------
